AoeStats
← Mandelbrot

Northern Isles

511791104Analyzed
1v1 RM · 1mo ago on Oct 6, 2026· 50m 7s· 2 players
Game mode
Random Map
Map size
Tiny (2 player)
Population
200
Speed
Normal
Resources
Standard
Victory
Conquest
Starting age
Dark Age
Ending age
Imperial Age
RankedLock teamsTeams togetherTeam positionsShared explorationLock speedFull tech treeHidden civsTurbo modeCheats
Victory
Defeat
🇨🇴 Vikings · Colombia
921
+15
vs
🇵🇱 Vikings · Poland
889
-15
lukyvan0211
9:42 Loom
11:28 Feudal Age
16:55 Castle Age
15:04 Double-Bit Axe
18:20 Fletching
18:31 Padded Archer Armor
18:47 Man-at-Arms
19:40 Bodkin Arrow
20:12 Gold Mining
21:29 Leather Archer Armor
22:24 Arson
24:44 Bow Saw
25:58 Scale Mail Armor
26:09 Forging
27:16 Chain Mail Armor
34:33 Imperial Age
36:02 Bracer
40:39 Chemistry
40:53 Ring Archer Armor
40:56 Plate Mail Armor
41:02 Iron Casting
40:21 Elite Skirmisher
42:42 Ring Archer Armor
44:20 Blast Furnace
44:06 Elite Berserk
45:30 Town Watch
49:37 Clinker Construction
49:38 Careening
Mandelbrot
7:07 Loom
11:32 Feudal Age
13:42 Double-Bit Axe
18:30 Castle Age
16:16 Horse Collar
16:19 Fishing Lines
19:35 Medium Warships
20:05 Bow Saw
20:48 Fletching
20:59 Scale Mail Armor
21:09 Forging
21:05 Padded Archer Armor
22:13 Stone Mining
23:52 Forging
23:39 Bodkin Arrow
29:51 Elite Skirmisher
32:37 Leather Archer Armor
32:24 Scale Mail Armor
32:25 Crossbowman
34:52 Town Watch
35:14 Heavy Plow
35:55 Elite Skirmisher
39:56 Chain Mail Armor
39:51 Forging
43:22 Imperial Age
42:58 Careening
44:03 Iron Casting
44:30 Capped Ram
46:56 Heavy Warships
48:29 Plate Mail Armor
48:53 Murder Holes
49:41 Elite Varangian Guard
Connection lost

Rejoining the realm…

Still unreachable

The connection could not be restored.

Session expired

The server has moved on; the page needs a fresh start.